 Dungeon Crawl Stone Soup version 0.17-a0-819-gf98af59 (webtiles) character file.

36927 Sixotanaka the Executioner (level 13, -11/153 HPs)
             Began as a Deep Dwarf Berserker on Apr 26, 2015.
             Was a High Priest of Trog.
             Mangled by a death yak (20 damage)
             ... on level 5 of the Lair of Beasts.
             The game lasted 01:01:54 (14197 turns).

Sixotanaka the Executioner (Deep Dwarf Berserker)  Turns: 14197, Time: 01:01:54

Health: -11/153    AC: 14    Str: 28    XL:     13   Next: 55%
Magic:  4/4        EV: 13    Int:  8    God:    Trog [*****.]
Gold:   1112       SH:  0    Dex: 15    Spells: 0 memorised, 12 levels left

rFire  . . .     SeeInvis .     A - +5 battleaxe (antimagic)
rCold  + . .     Clarity  .     q - +2 ring mail {rC+}
rNeg   . . .     SustAb   .     (no shield)
rPois  +         Gourm    .     t - +0 helmet
rElec  .         Spirit   .     M - +0 cloak
rCorr  .         Warding  .     L - +0 pair of gloves
rMut   .         Stasis   .     N - +2 pair of boots
MR     ++++.                    Z - amulet "Viapreof" {Contam +Fly MR+ Regen+}
Stlth  ..........               r - +1 ring of evasion
                                R - ring of poison resistance

@: berserking, non-regenerating, very quick, incredibly resistant to hostile
enchantments, extremely unstealthy
A: damage resistance, recharge devices, sense surroundings 2, slow healing 3
a: Device Recharging, Burn Spellbooks, Berserk, Trog's Hand, Brothers in Arms,
Renounce Religion, Evoke Flight


You were on level 5 of the Lair of Beasts.
You worshipped Trog.
Trog was extremely pleased with you.
You were hungry.

You visited 3 branches of the dungeon, and saw 17 of its levels.
You also visited: Labyrinth and Sewer.

You collected 1112 gold pieces.


Innate Abilities, Weirdness & Mutations

You are resistant to damage.
You can recharge devices by infusing magical energy.
You passively map the area around you.
You do not heal naturally.


   Skills:
 - Level 2.6 Fighting
 * Level 22.6 Axes
 - Level 3.1 Armour
 - Level 2.1 Dodging
 - Level 3.6 Evocations


You had 12 spell levels left.
You didn't know any spells.

Dungeon Overview and Level Annotations

Branches:
Dungeon (11/15)            Temple (1/1) D:7            Lair (5/8) D:11
 Spider (0/5) Lair:3          Orc (0/4) D:10
  Swamp: Lair:3-6    Shoals: Lair:3-6

Altars:
Ashenzari
Cheibriados
Dithmenos
Elyvilon
Fedhas
Gozag
Kikubaaqudgha
Makhleb
Nemelex Xobeh
Okawaru
Qazlal
Ru
Sif Muna
Trog
Vehumet
Xom
Yredelemnul
Zin
The Shining One

Shops:
D:4 *   D:9 ?   D:10 *

Inventory:

Hand weapons
 a - a +0 blowgun
 A - a +5 antimagic battleaxe (weapon)
   (Trog gifted it to you on level 4 of the Lair of Beasts)
Missiles
 h - 7 poisoned javelins (quivered)
 E - 45 poisoned needles
 P - 18 tomahawks
Armour
 q - a +2 ring mail of cold resistance (worn)
   (You found it on level 2 of the Dungeon)
 t - a +0 helmet (worn)
 L - a +0 pair of gloves (worn)
 M - a +0 cloak (worn)
 N - a +2 pair of boots (worn)
Jewellery
 r - a +1 ring of evasion (right hand)
 B - an uncursed amulet of stasis
 R - a ring of poison resistance (left hand)
 T - the amulet "Erebb" {rCorr rElec Int+2}
   (You found it in a labyrinth)

   [amulet of resist corrosion]

   It protects you from acid and corrosion.
   It affects your intelligence (+2).
   It insulates you from electricity.
 X - an uncursed ring of see invisible
 Z - the amulet "Viapreof" (around neck) {Contam +Fly MR+ Regen+}
   (You found it in a labyrinth)

   [amulet of regeneration]

   It affects your resistance to hostile enchantments.
   It lets you fly.
   It causes magical contamination when unequipped.
   It increases your rate of regeneration.
Magical devices
 c - a wand of heal wounds (3) {@v2}
 f - a wand of cold (2)
 y - a wand of slowing (17)
 H - a wand of draining (7)
 J - a wand of digging (14)
 Q - a wand of fire (7)
 U - a wand of disintegration (9)
Scrolls
 j - 6 scrolls of teleportation {@r4}
 m - a scroll of enchant weapon {unknown}
 n - 4 scrolls of blinking
 w - 4 scrolls of remove curse {@r2}
 x - 3 scrolls of fear
 z - 5 scrolls of immolation {!r}
Potions
 e - 4 potions of agility
 g - 5 potions of might
 i - a potion of degeneration {unknown}
 l - 13 potions of curing {@q1}
 o - a potion of mutation {unknown}
 p - a potion of invisibility {unknown}
 u - 2 potions of heal wounds {@q2}
 F - 2 potions of haste {@q3}
 G - 2 potions of magic
 I - a potion of ambrosia {unknown}
 W - 4 potions of brilliance
Miscellaneous
 D - a phantom mirror
 O - a phial of floods
 V - a fan of gales
Comestibles
 d - 7 bread rations
 k - 3 meat rations
 s - 8 royal jellies
 v - 43 fruits
 S - 4 chunks of flesh

##....................
#.....................
##....................
#....>..........##...
##....#P.........#####
##....#.P..........* *
#.#...P...........# *
, ##............. ,
*,. ##....@Y....#.., ,
, #....##..#....%. ,
,, ##...P#...#.....
#............[. ,
#.............. ,
#............. > ,
#.....(.......
#.....(.......,,, ,
##.##.(#..... ,


You could see a death yak.


Message History

A death yak comes into view.
Aim: a death yak You throw a poisoned javelin.
The death yak bellows!
The poisoned javelin hits the death yak.
The death yak is poisoned.
Zapping:
Q - a wand of fire (will waste charges)
Aim: a death yak The bolt of fire hits the death yak. x2
Evoking this partially-identified wand wasted a few charges.
Okay, then.
You hit the death yak but do no damage. The death yak completely misses you.
Your ring mail prevents you from hitting the death yak.
You hit the death yak. The death yak gores you!
* * * LOW HITPOINT WARNING * * *
Your skin crawls.
You feel resistant to hostile enchantments.
You feel slightly more hungry. The death yak gores you. x2
* * * LOW HITPOINT WARNING * * *
The death yak gores you.
A red film seems to cover your vision as you go berserk!
You feel yourself moving faster!
You feel mighty!
You are feeling hungry.
The death yak gores you!
* * * LOW HITPOINT WARNING * * *
The death yak gores you but does no damage.
The death yak gores you!
* * * LOW HITPOINT WARNING * * *
You slice the death yak!!
You kill the death yak!
Trog accepts your kill.
You barely miss the death yak. You hit the death yak. You slash the fungus!
The death yak gores you but does no damage.
The death yak gores you.
* * * LOW HITPOINT WARNING * * *
You slice the death yak!! You slash the death yak! You slash the fungus!
Unknown command.
You slash the death yak! x2
You slice the fungus!!
You destroy the fungus!
The death yak gores you!!
* * * LOW HITPOINT WARNING * * *
You slice the death yak!! You slash the death yak!
Unknown command.
You barely miss the death yak. x2
The death yak gores you.
* * * LOW HITPOINT WARNING * * *
Your ring mail prevents you from hitting the death yak.
You hit the death yak. You slash the death yak! The death yak gores you!
* * * LOW HITPOINT WARNING * * *
You slice the death yak!! You hit the death yak but do no damage.
The death yak gores you.
You hit the death yak. You slice the death yak!!
You feel the power of Trog in you as your rage grows.
You kill the death yak!
Trog accepts your kill.
You barely miss the death yak.
Unknown command.
You completely miss the death yak.
The death yak gores you but does no damage.
You slash the death yak!
You kill the death yak!
Trog accepts your kill.
You barely miss the death yak. The death yak gores you!
* * * LOW HITPOINT WARNING * * *
You slice the death yak!! You slash the death yak!
You barely miss the death yak. The death yak gores you!!
You die...

Action                   |  1- 3 |  4- 6 |  7- 9 | 10-12 | 13-15 || total
-------------------------+-------+-------+-------+-------+-------++-------
Melee: Hand axe          |   113 |   207 |   227 |       |       ||   547
       Battleaxe         |       |       |   203 |   683 |   157 ||  1043
Throw: Stone             |    12 |     6 |       |       |       ||    18
       Javelin           |       |       |       |    13 |    11 ||    24
       Tomahawk          |       |       |       |     3 |       ||     3
Invok: Berserk           |     2 |     2 |     7 |     7 |     4 ||    22
       Trog's Hand       |       |     3 |     8 |     8 |     3 ||    22
       Burn Spellbooks   |       |       |       |       |     1 ||     1
 Abil: Device Recharging |       |       |       |     1 |     1 ||     2
Evoke: Wand              |     1 |     1 |     5 |    22 |    12 ||    41
  Use: Scroll            |       |    10 |     4 |    13 |     2 ||    29
       Potion            |       |       |     2 |     3 |       ||     5
  Eat: Chunk             |     3 |     8 |    13 |    22 |     5 ||    51
       Meat ration       |       |       |     1 |     2 |       ||     3
       Pizza             |       |       |       |     2 |       ||     2
       Beef jerky        |       |       |       |     1 |       ||     1

Vault maps used:
D:1:      wheals_arrival_linesprint
D:2:      serial_curves, eino_curves_03, eino_curves_03, eino_curves_04,
          eino_curves_01
D:3:      kennysheep_goblin_castle, st_stairs_7, uniq_iyjb
D:4:      serial_park_square1, grunt_qazlal_clouds, nicolae_elemental_shop
D:5:      nicolae_overflow_hidden_temple, first_bread, gup_sewer_entry_spiral,
          uniq_grinder, uniq_menkaure, uniq_eustachio
D:6:      uniq_duvessa, uniq_sigmund, uniq_prince_ribbit1,
          uniq_crazy_yiuf_cottage
D:7:      minmay_temple_entry_nine_rooms
D:8:      david_nohive_1
D:9:      lemuel_blue_sif_altar, old_standard_altar, serial_shops, shop
D:10:     orc_0_dummy, serial_shops, nicolae_shop_statue_plus,
          grunt_dithmenos_smoke_and_mirrors
D:11:     lair_0_dummy
Temple:   circular_temple_12
Lair:1:   grunt_forest_large_clearings
Lair:2:   basic_altar, lab_entry_generic, zaba_antful_of_joy
Lair:3:   spider_nest_entry_funnel_web
Lair:4:   serial_bayou_shore_b, lemuel_fruit_tree
Lair:5:   elwin_shoals_entry_stream, columned_hall_lemuel, beast_lair_carwin_10
Lab:      lab_hedge, nicolae_lab_blocks, nicolae_lab_grate_2,
          labyrinth_lava_lair, nicolae_lab_stuck, nicolae_lab_starburst,
          nicolae_lab_big_swirl, labyrinth_skeletal_remains
Sewer:    sewer_minmay_w

Notes
Turn   | Place    | Note
--------------------------------------------------------------
     0 | D:1      | Sixotanaka, the Deep Dwarf Berserker, began the quest for the Orb.
     0 | D:1      | Reached XP level 1. HP: 20/20 MP: 1/1
   303 | D:1      | Reached XP level 2. HP: 24/27 MP: 2/2
   568 | D:1      | Reached skill level 4 in Axes
   677 | D:1      | Acquired Trog's second power
   813 | D:2      | Reached XP level 3. HP: 17/33 MP: 3/3
   959 | D:2      | Reached skill level 3 in Armour
  1254 | D:2      | Reached XP level 4. HP: 33/40 MP: 4/4
  1457 | D:3      | Reached skill level 5 in Axes
  1562 | D:3      | Noticed Ijyb
  1579 | D:3      | Killed Ijyb
  1579 | D:3      | Reached skill level 1 in Evocations
  1597 | D:3      | Noticed FedoraBrony69's ghost (average MiBe)
  1702 | D:3      | Reached XP level 5. HP: 24/46 MP: 6/6
  1789 | D:3      | Noticed Robin
  1808 | D:3      | Killed Robin
  1808 | D:3      | Reached skill level 2 in Evocations
  1949 | D:3      | Reached skill level 6 in Axes
  1967 | D:3      | Killed FedoraBrony69's ghost
  1967 | D:3      | Reached skill level 3 in Evocations
  1967 | D:3      | Reached XP level 6. HP: 35/55 MP: 6/8
  2064 | D:3      | Acquired Trog's third power
  2071 | D:3      | Reached skill level 7 in Axes
  2328 | D:4      | Found a stormy altar of Qazlal.
  2561 | D:4      | Found Dimawnaf's Elemental Accessories.
  2759 | D:4      | You fall through a shaft!
  2759 | D:5      | Entered Level 5 of the Dungeon
  2859 | D:5      | Reached XP level 7. HP: 37/61 MP: 9/9
  2937 | D:5      | Noticed Eustachio
  2971 | D:5      | Killed Eustachio
  2971 | D:5      | Reached skill level 8 in Axes
  3229 | D:5      | Found a glowing drain.
  3233 | Sewer    | Entered a sewer
  3328 | Sewer    | Reached skill level 9 in Axes
  3559 | Sewer    | Received a gift from Trog
  3559 | Sewer    | Reached XP level 8. HP: 68/68 MP: 10/10
  3662 | D:5      | Reached skill level 10 in Axes
  3933 | D:5      | Noticed Menkaure
  3936 | D:5      | Found a sparkling altar of Nemelex Xobeh.
  3940 | D:5      | Killed Menkaure
  3946 | D:5      | Found a burning altar of Makhleb.
  3948 | D:5      | Got an iridescent lajatang
  4098 | D:5      | Noticed Grinder
  4103 | D:5      | Killed Grinder
  4103 | D:5      | Reached skill level 11 in Axes
  4204 | D:6      | Noticed Duvessa
  4205 | D:6      | Noticed Dowan
  4215 | D:5      | Found an opulent altar of Gozag.
  4215 | D:5      | Found a shattered altar of Ashenzari.
  4222 | D:6      | Killed Duvessa
  4261 | D:6      | Killed Dowan
  4309 | D:6      | Reached skill level 12 in Axes
  4365 | D:6      | Noticed Sigmund
  4376 | D:6      | Gained mutation: You passively map the area around you. [Deep Dwarf growth]
  4376 | D:6      | Reached XP level 9. HP: 33/74 MP: 11/11
  4377 | D:6      | Killed Sigmund
  4479 | D:6      | Noticed Crazy Yiuf
  4487 | D:6      | Killed Crazy Yiuf
  4676 | D:6      | Reached skill level 13 in Axes
  4816 | D:6      | Noticed Prince Ribbit
  4820 | D:6      | Killed Prince Ribbit
  4923 | D:7      | Identified the +4 lajatang "Fub Girch" {slice, rF+} (You found it on level 5 of the Dungeon)
  5270 | D:7      | Reached skill level 14 in Axes
  5545 | D:7      | Found a staircase to the Ecumenical Temple.
  5577 | Temple   | Entered the Ecumenical Temple
  5783 | D:8      | HP: 17/74 [poisoned by a killer bee]
  5784 | D:8      | Reached XP level 10. HP: 17/81 MP: 12/12
  5784 | D:8      | HP: 2/81 [killer bee (9)]
  5919 | D:8      | Reached skill level 15 in Axes
  7046 | D:9      | Found Udduos's Magic Scroll Emporium.
  7283 | D:9      | Reached skill level 16 in Axes
  7451 | D:9      | Found a white marble altar of Elyvilon.
  7627 | D:9      | Received a gift from Trog
  7731 | D:9      | Found a deep blue altar of Sif Muna.
  7865 | D:10     | Entered Level 10 of the Dungeon
  7883 | D:10     | Found a shadowy altar of Dithmenos.
  8074 | D:10     | Reached skill level 17 in Axes
  8105 | D:10     | Found a staircase to the Orcish Mines.
  8265 | D:10     | Reached XP level 11. HP: 56/88 MP: 13/13
  8296 | D:10     | Noticed a hill giant
  8302 | D:10     | HP: 18/88 [hill giant/giant club (15)]
  8303 | D:10     | Killed a hill giant
  8351 | D:10     | Found Zutwunoc's General Store.
  8822 | D:11     | Noticed a hill giant
  8830 | D:11     | Killed a hill giant
  8896 | D:11     | Found a staircase to the Lair.
  9075 | D:11     | Reached skill level 18 in Axes
  9195 | D:11     | Noticed miek's ghost (powerful OgAr)
  9210 | D:11     | Killed miek's ghost
  9585 | Lair:1   | Entered Level 1 of the Lair of Beasts
  9628 | Lair:1   | Noticed chequers's ghost (experienced TrMo)
  9644 | Lair:1   | Killed chequers's ghost
  9705 | Lair:1   | Noticed a four-headed hydra
  9713 | Lair:1   | Reached skill level 19 in Axes
  9716 | Lair:1   | Killed an eight-headed hydra
  9773 | Lair:1   | Reached XP level 12. HP: 64/96 MP: 14/14
 10066 | Lair:1   | Received a gift from Trog
 10701 | Lair:2   | Found a labyrinth entrance.
 10753 | Lair:2   | Found a blossoming altar of Fedhas.
 10842 | Lair:2   | HP: 24/96 [spiny frog (11)]
 10848 | Lair:2   | HP: 12/96 [spiny frog (16)]
 10904 | Lab      | Entered a labyrinth
 10933 | Lab      | HP: 18/96 [lava snake/glob of lava (15)]
 10968 | Lab      | Reached skill level 20 in Axes
 11057 | Lab      | Noticed a minotaur
 11065 | Lab      | Killed a minotaur
 11070 | Lab      | Got a transparent ruby amulet
 11070 | Lab      | Got a scorched jade amulet
 11072 | Lab      | Identified the amulet "Erebb" {rCorr rElec Int+2} (You found it in a labyrinth)
 11074 | Lab      | Identified the amulet "Viapreof" {Contam +Fly MR+ Regen+} (You found it in a labyrinth)
 11896 | Lair:3   | Reached skill level 21 in Axes
 12017 | Lair:3   | Received a gift from Trog
 12518 | Lair:3   | Found a hole to the Spider Nest.
 12899 | Lair:4   | Noticed FedoraBrony69's ghost (powerful DECj)
 12915 | Lair:4   | Killed FedoraBrony69's ghost
 12915 | Lair:4   | Reached XP level 13. HP: 78/102 MP: 14/14
 12946 | Lair:4   | Noticed a six-headed hydra
 12964 | Lair:4   | Received a gift from Trog
 13249 | Lair:4   | Killed a six-headed hydra
 13811 | Lair:5   | Reached skill level 22 in Axes
 13914 | Lair:5   | HP: 29/153 [death yak (14)]
 13921 | Lair:5   | HP: 14/153 [death yak (9)]
 13932 | Lair:5   | HP: 6/102 [wyvern (11)]
 14184 | Lair:5   | HP: 25/153 [death yak (21)]
 14187 | Lair:5   | HP: 12/153 [death yak (11)]
 14194 | Lair:5   | HP: 7/153 [death yak (8)]
 14197 | Lair:5   | Mangled by a death yak

Vanquished Creatures
  The ghost of miek the Bludgeoner, a powerful OgAr of Yredelemnul (D:11)
  The ghost of FedoraBrony69 the Eclecticist, a powerful DECj of Vehumet (Lair:4)
  A minotaur (Lab)
  2 hydras
  The ghost of chequers the Grappler, an experienced TrMo of Jiyva (Lair:1)
  6 death yaks (Lair:5)
  2 hill giants
  A cyclops (D:11)
  An ugly thing (D:11)
  5 black mambas
  10 spiny frogs
  2 gargoyles (D:10)
  A queen ant (Lair:2)
  3 komodo dragons
  A centaur skeleton (D:10)
  A queen bee (D:8)
  12 blink frogs
  2 polar bears (Lair:5)
  Grinder (D:5)
  Prince Ribbit (D:6)
  A trapdoor spider (Lab)
  30 yaks
  Sigmund (D:6)
  6 wyverns (Lair:5)
  A deep elf mage (D:11)
  3 redbacks (Lair:3)
  The ghost of FedoraBrony69 the Skirmisher, an average MiBe of Trog (D:3)
  Eustachio (D:5)
  A wraith (D:11)
  A basilisk (Lair:5)
  4 hippogriffs
  4 hungry ghosts
  Menkaure (D:5)
  5 soldier ants (Lair:2)
  An orc warrior (D:7)
  Duvessa (D:6)
  5 water moccasins
  4 sky beasts
  2 black bears
  2 ogres
  5 porcupines
  An eye of draining (D:9)
  5 phantoms
  3 ice beasts
  A spider (Lair:3)
  2 centaurs
  7 crocodiles
  3 big kobolds
  13 giant frogs
  Dowan (D:6)
  A scorpion (D:8)
  A water moccasin zombie (D:7)
  9 wights
  24 killer bees
  3 jellies
  4 lava snakes (Lab)
  A centaur zombie (D:11)
  5 crimson imps
  A giant frog skeleton (D:10)
  A giant frog zombie (D:8)
  9 orc wizards
  4 hounds
  Crazy Yiuf (D:6)
  5 orc priests
  Ijyb (D:3)
  32 worker ants
  6 iguanas
  7 sheep (Lair:2)
  A hound zombie (D:9)
  A hound skeleton (D:5)
  Robin (D:3)
  7 gnolls
  15 adders
  29 river rats
  2 ufetubi (D:5)
  4 oozes
  An adder skeleton (D:6)
  2 worms (D:2)
  7 giant geckos
  28 orcs
  2 bat zombies
  23 hobgoblins
  14 jackals
  27 kobolds
  4 quokkas
  10 ball pythons (Sewer)
  15 bats
  6 giant cockroaches
  6 giant newts
  A giant spore (D:8)
  23 goblins
  42 rats
  8 ballistomycetes
  6 fungi
  3 plants
574 creatures vanquished.

Vanquished Creatures (others)
  A giant spore (D:6)
  A rat (D:6)
  A fungus (D:6)
3 creatures vanquished.

Grand Total: 577 creatures vanquished
